 Dungeon Crawl Stone Soup version 0.24.0-1-gfbc8707122 (console) character file.

Game seed: 12584419309315263247, levelgen mode: deterministic

101978 AlterAsc the Fighter (level 15, -2/138 HPs)
             Began as a Purple Draconian Transmuter on Oct 27, 2019.
             Was the Champion of Cheibriados.
             Slain by a hornet (11 damage)
             ... on level 14 of the Dungeon.
             The game lasted 02:58:56 (26297 turns).

AlterAsc the Fighter (Purple Draconian Transmuter) Turns: 26297, Time: 02:58:57

Health: -2/138     AC: 27    Str: 31    XL:     15   Next: 84%
Magic:  31/39      EV: 25    Int: 35    God:    Cheibriados [******]
Gold:   3172       SH:  0    Dex: 28    Spells: 10/35 levels left

rFire    + . .     SeeInvis +     - Unarmed
rCold    . . .     Gourm    .   (shield currently unavailable)
rNeg     . . .     Faith    .   (armour unavailable)
rPois    .         Spirit   .   i - +3 hat of Pondering {ponderous, MR+ MP+10 Int+5}
rElec    .         Reflect  .   K - +2 cloak
rCorr    .         Harm     .   (gloves currently unavailable)
MR       +++..                  B - +2 pair of boots
Stlth    ++........             (no amulet)
HPRegen  0.33/turn              u - ring of protection from fire
MPRegen  0.26/turn              j - ring of see invisible

@: icy armour, blade hands, very slow
A: breathe power, unfitting armour, cold-blooded, AC +9
a: Breathe Dispelling Energy, End Transformation, Bend Time, Temporal
Distortion, Slouch, Step From Time, Renounce Religion


You were on level 14 of the Dungeon.
You worshipped Cheibriados.
Cheibriados was exalted by your worship.
You were not hungry.
You had blades for hands.
You visited 4 branches of the dungeon, and saw 23 of its levels.
You also visited: Sewer and Ice Cave.

You collected 4055 gold pieces.
You spent 883 gold pieces at shops.

Inventory:

Missiles
 a - 417 arrows
Armour
 i - the +3 hat of Pondering (worn) {ponderous, MR+ MP+10 Int+5}
   (You found it on level 10 of the Dungeon)

   It affects your intelligence (+5).
   It affects your resistance to hostile enchantments.
   It affects your magic capacity (+10).
 t - the +0 pair of boots "Zeytucem" {rPois MP+9}
   (You bought it in a shop on level 2 of the Orcish Mines)

   It protects you from poison.
   It affects your magic capacity (+9).
 B - a +2 pair of boots (worn)
 K - a +2 cloak (worn)
Magical Staves
 b - an uncursed staff of energy (melded)
Jewellery
 d - an uncursed ring of protection from cold
 h - an uncursed ring of positive energy
 j - a ring of see invisible (right scythe-like blade)
 l - an uncursed ring of poison resistance {unknown}
 m - an uncursed ring of resist corrosion
 u - a ring of protection from fire (left scythe-like blade)
 A - a cursed amulet of inaccuracy {unknown}
 D - a +3 ring of slaying
 M - a +4 ring of strength {unknown}
 R - the ring "Allu" {+Fly Dex+5}
   (You found it on level 10 of the Dungeon)

   [ring of flight]

   It affects your dexterity (+5).
   It lets you fly.
 T - an uncursed amulet of faith {unknown}
 V - a +2 ring of evasion {unknown}
 X - a cursed ring of teleportation {unknown}
 Y - an uncursed amulet of harm {unknown}
Wands
 r - a wand of flame (18)
 E - a wand of clouds (7)
 F - a wand of acid (63)
 J - a wand of enslavement (13)
 S - a wand of digging (8)
 W - a wand of iceblast (18)
Scrolls
 e - 4 scrolls of amnesia
 g - 6 scrolls of fog
 o - 9 scrolls of identify
 q - 6 scrolls of fear
 y - 6 scrolls of teleportation
 z - 4 scrolls of enchant armour
 H - 2 scrolls of enchant weapon
 I - 8 scrolls of remove curse
 L - 3 scrolls of noise
 O - 4 scrolls of magic mapping
 P - 2 scrolls of random uselessness
 U - a scroll of torment {unknown}
 Z - a scroll of vulnerability {unknown}
Potions
 f - 2 potions of cancellation {unknown}
 k - a potion of heal wounds
 n - a potion of curing
 p - 2 potions of brilliance {unknown}
 s - 8 potions of mutation
 v - a potion of magic
 w - 9 potions of flight
 x - 6 potions of might
 G - a potion of ambrosia {unknown}
 N - 3 potions of lignification
 Q - 2 potions of agility
Miscellaneous
 C - a phial of floods
Comestibles
 c - 31 rations


   Skills:
 * Level 14.1 Fighting
 * Level 11.9 Dodging
 * Level 13.5 Unarmed Combat
 + Level 10.6 Spellcasting
 - Level 5.9 Charms
 - Level 3.0 Summonings
 - Level 10.0 Transmutations
 - Level 5.2 Ice Magic
 - Level 6.0 Earth Magic
 - Level 7.0 Invocations


You had 10 spell levels left.
You knew the following spells:

 Your Spells              Type           Power        Failure   Level  Hunger
a - Beastly Appendage     Tmut           ######       5%          1    None
b - Sticks to Snakes      Tmut           ######..     6%          2    None
c - Statue Form           Tmut/Erth      ######...    52%         6    ####...
d - Ice Form              Ice/Tmut       ######..     16%         4    None
e - Blade Hands           Tmut           ######....   16%         5    ##.....
f - Ozocubu's Armour      Chrm/Ice       ######..     13%         3    None
g - Summon Ice Beast      Ice/Summ       #####...     30%         4    None

Your spell library contained the following spells:

 Spells                   Type           Power        Failure   Level  Hunger
 Freeze                   Ice            ####         10%         1    None
 Summon Butterflies       Summ           #####...     13%         1    None
 Spider Form              Tmut/Pois      ######....   14%         3    None
 Throw Frost              Conj/Ice       #####.       17%         2    None
 Leda's Liquefaction      Hex/Erth       #####.....   38%         4    None
 Throw Icicle             Conj/Ice       #####...     41%         4    None
 Bolt of Magma            Conj/Fire/Erth ####......   71%         5    ##.....
 Iron Shot                Conj/Erth      #####.....   96%         6    ####...
 Shatter                  Erth           ######....   100%        9    #######


Dungeon Overview and Level Annotations

Branches:
Dungeon (14/15)            Temple (1/1) D:4            Lair (6/6) D:10
  Swamp (0/4) Lair:4       Spider (0/4) Lair:4        Slime (0/5) Lair:5
    Orc (2/2) D:12            Elf (0/3) Orc:2         Sewer (visited)
  IceCv (visited)
 Vaults: D:13-14

Altars:
Ashenzari
Cheibriados
Dithmenos
Elyvilon
Fedhas
Gozag
Hepliaklqana
Kikubaaqudgha
Makhleb
Nemelex Xobeh
Okawaru
Qazlal
Ru
Sif Muna
Trog
Uskayaw
Vehumet
Wu Jian
Xom
Yredelemnul
Zin
The Shining One
Beogh

Shops:
D:9 (   D:10 }[!   D:13 (   Orc:1 !*}   Orc:2 [((!


Innate Abilities, Weirdness & Mutations

You can breathe bolts of dispelling energy.
Your rich purple scales are hard. (AC +9)
You cannot fit into any form of body armour.
You are cold-blooded and may be slowed by cold attacks.


Message History

Cheibriados appreciates the change of pace.
The centaur wields a +0 shortbow.
The centaur shoots an arrow.
The arrow closely misses you.
The arrow hits the yak.
Your water moccasin bites the yak!
The centaur warrior closely misses you. The yak completely misses you.
You barely miss the yak.
The yak is heavily wounded.
Your surroundings flicker for a moment.
Your water moccasin bites the yak.
The yak closely misses you.
The hornet stings you but does no damage.
The vault guard hits you with a +0 dire flail!
* * * LOW HITPOINT WARNING * * *
You slice the vault guard!!
The vault guard is moderately wounded.
The centaur unwields a +0 shortbow of freezing.
The centaur hits you but does no damage.
The yak completely misses you.
Your water moccasin closely misses the yak.
The yak barely misses you. The hornet stings you!
You die...

))...#####...# #..
#[..#######..# #.#
.........##..# #.##
........(##..# #..##
#...###..##..#####...##
#...###..##.###...)...#...
.....##..#.##...W(....'...
.....)......#...cc....#..O
..............(S@pc..##
............###YYy..##
....)##..#.## #..5.##
#...###..##.# #<...# #...#
#..# .. #..#..# ..... ...#
. #.##... ....... .# #.
.... #...## #. ..### .....


You could see a vault guard, a centaur warrior, 2 yaks, a phantom, a hornet, 2
centaurs, a crimson imp and a friendly water moccasin.

Vanquished Creatures
  Azrael (D:12)
  Josephine (Lair:4)
  A fire dragon (D:13)
  2 ice dragons (IceCv)
  A rakshasa (D:14)
  A vault guard (D:14)
  3 catoblepae
  5 hydras
  3 two-headed ogres
  7 centaur warriors
  An ogre mage (D:13)
  9 death yaks (Lair:6)
  A deep troll shaman (Lair:6)
  Urug (Orc:1)
  The ghost of Vito the Lord of Darkness, a journeyman VSWn of Kikubaaqudgha (D:10)
  Sonja (Lair:4)
  Nergalle (Lair:1)
  An orc high priest (Orc:2)
  4 skeletal warriors (D:14)
  2 unseen horrors
  A glowing orange brain (D:14)
  A glowing orange brain (shapeshifter) (D:13)
  A flayed ghost (D:14)
  A lindwurm (Lair:6)
  A wolf spider zombie (D:14)
  2 deep elf magi
  A mana viper (shapeshifter) (D:13)
  17 ugly things
  2 orc sorcerers
  A deep elf archer (D:14)
  3 manticores
  5 orc knights
  A wolf spider (Lair:4)
  4 cyclopes
  Maurice (D:8)
  8 elephants
  6 black mambas
  An eye of devastation (Lair:5)
  2 gargoyles (D:13)
  2 ice statues (IceCv)
  6 spiny frogs
  4 rime drakes
  5 komodo dragons
  A freezing wraith (D:14)
  A kobold demonologist (D:14)
  7 trolls
  3 polar bears
  A hornet (D:10)
  A bog body (Lair:4)
  A raiju (shapeshifter) (D:13)
  5 slime creatures (D:12)
  16 blink frogs
  5 hippogriffs
  3 dream sheep (Lair:4)
  A centaur simulacrum (D:10)
  A redback (D:13)
  2 shadows
  3 wyverns
  6 wraiths
  A human (D:9)
  4 basilisks
  49 yaks
  2 hogs (D:9)
  3 fire elementals (D:12)
  4 vampire mosquitoes (D:12)
  3 hungry ghosts
  4 wargs
  3 acid dragons
  12 water moccasins
  7 porcupines
  24 ice beasts
  A spectral hornet (D:10)
  3 hell hounds (D:12)
  Purgy (Sewer)
  44 orc warriors
  3 black bears
  2 necrophages
  5 sky beasts
  3 eyes of draining
  3 phantoms
  17 wolves
  8 ogres
  21 centaurs
  12 crocodiles
  2 big kobolds
  21 bullfrogs
  A spectral wyvern (D:10)
  A gnoll sergeant (D:9)
  A wyvern zombie (D:12)
  4 scorpions
  A wyvern skeleton (D:9)
  A killer bee (D:13)
  7 wights
  3 spectral bullfrogs (D:10)
  11 crimson imps
  A bullfrog zombie (D:8)
  17 orc priests
  6 centaur zombies
  A bullfrog skeleton (D:12)
  4 hounds
  A quasit (D:12)
  Crazy Yiuf (D:7)
  7 jellies
  25 orc wizards
  4 centaur skeletons
  8 iguanas
  16 worker ants
  5 hell rats (Lair:4)
  A bullfrog simulacrum (D:10)
  3 worker ant zombies
  19 adders
  7 gnolls
  8 river rats
  11 shadow imps
  2 oozes (D:5)
  An adder skeleton (D:5)
  A dart slug (D:1)
  2 worms
  10 leopard geckos
  98 orcs
  3 giant cockroaches
  3 goblins
  9 hobgoblins
  2 jackals (D:1)
  2 quokkas
  5 ball pythons
  10 bats
  9 frilled lizards
  15 kobolds
  A leopard gecko zombie (D:6)
  A quokka zombie (D:7)
  12 rats
  3 plants (D:10)
806 creatures vanquished.

Vanquished Creatures (collateral kills)
  Rupert (D:13)
  A centaur warrior (D:14)
  2 elephants
  A centaur skeleton (D:12)
  4 blink frogs
  A bog body (Lair:4)
  2 dream sheep (Lair:4)
  7 yaks
  A water moccasin (Lair:3)
  2 ice beasts (IceCv)
  An ogre (D:4)
  A crimson imp (D:12)
  An orc priest (D:6)
  3 orc wizards
  A hell rat (Lair:4)
  An adder (D:2)
  6 orcs
  A ball python (Sewer)
  A quokka (D:6)
38 creatures vanquished.

Vanquished Creatures (others)
  A slime creature (D:12)
  A bullfrog (D:13)
  A bullfrog zombie (D:12)
  A kobold (D:3)
  19 fungi
  9 plants
32 creatures vanquished.

Grand Total: 876 creatures vanquished

Notes
Turn   | Place    | Note
-------+----------+-------------------------------------------
     0 | D:1      | AlterAsc the Draconian Transmuter began the quest for the
                  | Orb.
     0 | D:1      | Reached XP level 1. HP: 16/16 MP: 3/3
   159 | D:1      | Reached XP level 2. HP: 17/23 MP: 3/5
   808 | D:1      | Reached XP level 3. HP: 23/28 MP: 6/6
   852 | D:1      | Learned a level 2 spell: Sticks to Snakes
   856 | D:1      | Learned a level 3 spell: Spider Form
  1524 | D:2      | Reached XP level 4. HP: 19/36 MP: 4/8
  1682 | D:2      | Reached skill level 2 in Fighting
  1831 | D:2      | Found a shattered altar of Ashenzari.
  1935 | D:2      | Found a bloodstained altar of Trog.
  2336 | D:3      | Reached XP level 5. HP: 41/41 MP: 6/9
  2688 | D:3      | Found a shimmering altar of Xom.
  2688 | D:3      | Found a shimmering altar of Xom.
  2689 | D:3      | Found a shimmering altar of Xom.
  2690 | D:3      | Found a shimmering altar of Xom.
  2691 | D:3      | Found a shimmering altar of Xom.
  2691 | D:3      | Found a shimmering altar of Xom.
  3175 | D:3      | Reached XP level 6. HP: 50/50 MP: 5/11
  3595 | D:3      | Found a radiant altar of Vehumet.
  3596 | D:3      | Found an ancient bone altar of Kikubaaqudgha.
  3597 | D:3      | Found a shimmering blue altar of Sif Muna.
  3603 | D:3      | Identified Sif Muna's Volume of the Escort
  3720 | D:3      | Found a stormy altar of Qazlal.
  3948 | D:3      | Reached skill level 3 in Fighting
  4342 | D:4      | Your scales start taking on a rich purple colour.
  4342 | D:4      | Reached skill level 5 in Spellcasting
  4342 | D:4      | Reached XP level 7. HP: 41/57 MP: 11/14
  4585 | D:4      | Found a staircase to the Ecumenical Temple.
  4591 | Temple   | Entered the Ecumenical Temple
  4667 | Temple   | Became a worshipper of Cheibriados the Contemplative
  4931 | D:4      | Reached skill level 5 in Transmutations
  5014 | D:4      | You fall into a shaft and drop 2 floors!
  5063 | D:5      | Entered Level 5 of the Dungeon
  5369 | D:5      | Found a basalt altar of Yredelemnul.
  5401 | D:5      | Reached * piety under Cheibriados
  5402 | D:5      | Found a glowing drain.
  5425 | Sewer    | Entered a sewer
  5477 | Sewer    | Noticed Purgy
  5501 | Sewer    | Killed Purgy
  5501 | Sewer    | Reached skill level 4 in Fighting
  5616 | D:5      | Reached skill level 1 in Invocations
  5728 | D:5      | Reached XP level 8. HP: 65/66 MP: 13/17
  6360 | D:5      | Noticed a profane servitor
  6365 | D:5      | Found a glowing golden altar of the Shining One.
  6367 | D:5      | Noticed an angel
  6473 | D:5      | Reached skill level 5 in Unarmed Combat
  6642 | D:6      | Learned a level 4 spell: Ice Form
  6648 | D:6      | Learned a level 5 spell: Blade Hands
  6710 | D:6      | Found a radiant altar of Vehumet.
  7097 | D:6      | Found an iron altar of Okawaru.
  7098 | D:6      | Found a bloodstained altar of Trog.
  7109 | D:6      | Reached ** piety under Cheibriados
  7924 | D:7      | Found a runed translucent door.
  7925 | D:7      | Noticed Crazy Yiuf
  7937 | D:7      | Killed Crazy Yiuf
  7937 | D:7      | Reached skill level 5 in Fighting
  8070 | D:7      | Noticed a hippogriff
  8074 | D:7      | Killed a hippogriff
  8074 | D:7      | Reached XP level 9. HP: 60/74 MP: 13/20
  8534 | D:7      | Found a sparkling altar of Nemelex Xobeh.
  8536 | D:7      | Found a stormy altar of Qazlal.
  8983 | D:8      | Reached *** piety under Cheibriados
  9169 | D:8      | Found the +2 robe of Vines {NoPotionHeal Regen+7}
  9256 | D:8      | Noticed Maurice
  9374 | D:8      | Reached skill level 6 in Fighting
  9471 | D:8      | Killed Maurice
  9806 | D:9      | Reached XP level 10. HP: 83/83 MP: 16/22
  9908 | D:9      | Reached skill level 5 in Invocations
  9976 | D:9      | Found Qucank's Weapon Emporium.
  9999 | D:9      | Reached **** piety under Cheibriados
 10350 | D:9      | Reached skill level 7 in Fighting
 10433 | D:9      | Found a sacrificial altar of Ru.
 10433 | D:9      | Found a burning altar of Makhleb.
 10468 | D:10     | Entered Level 10 of the Dungeon
 10468 | D:10     | Found Entyemaz's Gadget Emporium.
 10493 | D:10     | Found a runed translucent gate.
 10493 | D:10     | Found a runed translucent gate.
 10493 | D:10     | Found a runed translucent gate.
 10498 | D:10     | Found the +3 hat of Pondering {ponderous, MR+ MP+10 Int+5}
 10498 | D:10     | Noticed Vito's ghost (journeyman VSWn)
 10641 | D:10     | Reached skill level 5 in Dodging
 10660 | D:10     | Found Fyahow's Armour Boutique.
 10703 | D:10     | Got a coiled copper ring
 10716 | D:10     | Found a staircase to the Lair.
 11138 | D:10     | Found Giowkemp's Distillery.
 11146 | D:10     | Bought a potion of curing for 30 gold pieces
 11146 | D:10     | Bought a potion of curing for 30 gold pieces
 11487 | D:11     | Noticed a cyclops
 11491 | D:11     | Noticed a brown ugly thing
 11497 | D:11     | Noticed a brown ugly thing
 11503 | D:11     | Killed a cyclops
 11511 | D:11     | Killed a cyan ugly thing
 11511 | D:11     | Reached skill level 8 in Fighting
 11511 | D:11     | Reached XP level 11. HP: 64/94 MP: 14/23
 11523 | D:11     | Killed a cyan ugly thing
 11784 | D:11     | Reached ***** piety under Cheibriados
 11869 | D:11     | Noticed a two-headed ogre
 11893 | D:11     | Killed a two-headed ogre
 12278 | D:11     | Noticed a brown ugly thing
 12285 | D:11     | Killed a brown ugly thing
 12285 | D:11     | Reached skill level 9 in Fighting
 12436 | D:12     | Noticed a two-headed ogre
 12441 | D:12     | Killed a two-headed ogre
 12452 | D:12     | Found a staircase to the Orcish Mines.
 12532 | D:12     | Noticed an unseen horror
 12537 | D:12     | Killed an unseen horror
 12902 | D:12     | Reached XP level 12. HP: 101/106 MP: 19/25
 12917 | D:12     | Reached ****** piety under Cheibriados
 12917 | D:12     | Reached skill level 10 in Fighting
 12941 | D:12     | Noticed Azrael
 12948 | D:12     | Killed Azrael
 12949 | D:12     | Reached skill level 10 in Unarmed Combat
 13697 | Orc:1    | Entered Level 1 of the Orcish Mines
 13697 | Orc:1    | Noticed Urug
 13704 | Orc:1    | Killed Urug
 14158 | Lair:1   | Entered Level 1 of the Lair of Beasts
 14427 | Lair:1   | Noticed an eight-headed hydra
 14434 | Lair:1   | Killed a ten-headed hydra
 14434 | Lair:1   | Reached skill level 11 in Fighting
 14455 | Lair:1   | Noticed Nergalle
 14465 | Lair:1   | Killed Nergalle
 15428 | Lair:2   | Found a gate leading to a gauntlet.
 15918 | Lair:3   | Identified the ring "Allu" {+Fly Dex+5} (You found it on
                  | level 10 of the Dungeon)
 16229 | Lair:3   | Reached XP level 13. HP: 108/117 MP: 21/26
 16650 | Lair:4   | Reached skill level 12 in Fighting
 16716 | Lair:4   | Found a frozen archway.
 16736 | IceCv    | Entered an ice cave
 16888 | IceCv    | Reached skill level 10 in Dodging
 17434 | Lair:4   | Found a staircase to the Swamp.
 17451 | Lair:4   | Noticed Sonja
 17454 | Lair:4   | Noticed Josephine
 17475 | Lair:4   | Killed Sonja
 17479 | Lair:4   | Killed Josephine
 17508 | Lair:4   | Learned a level 3 spell: Ozocubu's Armour
 17513 | Lair:4   | Learned a level 4 spell: Summon Ice Beast
 17639 | Lair:4   | Reached skill level 1 in Charms
 17640 | Lair:4   | Reached skill level 1 in Summonings
 17640 | Lair:4   | Reached skill level 1 in Ice Magic
 17916 | Lair:4   | Found a hole to the Spider Nest.
 18569 | Lair:5   | Reached skill level 13 in Fighting
 18900 | Lair:5   | Reached XP level 14. HP: 113/129 MP: 19/27
 18951 | Lair:5   | Found a staircase to the Slime Pits.
 19585 | Lair:6   | Entered Level 6 of the Lair of Beasts
 20233 | Lair:6   | Got a twisted glaive
 20234 | Lair:6   | Identified the +7 glaive "Onackeho" {elec, Int+2 SInv
                  | Stlth+} (You found it on level 6 of the Lair of Beasts)
 20843 | D:10     | Killed Vito's ghost
 20978 | Orc:1    | Found Nidus's Distillery.
 20988 | Orc:1    | Bought a potion of heal wounds for 60 gold pieces
 21105 | Orc:1    | Found Imisoor's Gadget Emporium.
 21133 | Orc:1    | Reached skill level 5 in Charms
 21144 | Orc:1    | Found a roughly hewn altar of Beogh.
 21294 | Orc:1    | Found Koinnymn's Assorted Antiques.
 21372 | Orc:2    | Entered Level 2 of the Orcish Mines
 21984 | Orc:2    | Found a staircase to the Elven Halls.
 22353 | Orc:2    | Reached skill level 5 in Ice Magic
 22495 | Orc:2    | Reached skill level 10 in Spellcasting
 22585 | Orc:2    | Found Kon Jof's Weapon Boutique.
 22585 | Orc:2    | Found Bocu's Weapon Shoppe.
 22587 | Orc:2    | Found Miad's Armour Emporium.
 22589 | Orc:2    | Found Faenonah's Distillery.
 22593 | Orc:2    | Bought a potion of lignification for 39 gold pieces
 22593 | Orc:2    | Bought a potion of lignification for 39 gold pieces
 22593 | Orc:2    | Bought a potion of mutation for 104 gold pieces
 22598 | Orc:2    | Bought the +0 pair of boots "Zeytucem" {rPois MP+9} for 519
                  | gold pieces
 23117 | Orc:1    | Bought a scroll of identify for 62 gold pieces
 23236 | D:13     | Found Meiso's Antique Weapon Boutique.
 23624 | D:13     | Noticed Rupert
 23646 | D:13     | Killed Rupert
 23646 | D:13     | Reached XP level 15. HP: 48/136 MP: 27/29
 23990 | D:13     | Learned a level 6 spell: Statue Form
 24308 | D:13     | Reached skill level 1 in Earth Magic
 24885 | D:13     | Reached skill level 5 in Earth Magic
 25370 | D:13     | Found a roughly hewn altar of Beogh.
 25575 | D:14     | Reached skill level 10 in Transmutations
 25938 | D:14     | Reached skill level 14 in Fighting
 26256 | D:14     | Identified the +4 flail of Conformity {elec, rPois Dex+4
                  | Stlth+}
 26297 | D:14     | Slain by a hornet

Levels and vault maps discovered:
D:1:      dpeg_arrival_rooms_c, layout_loops_ring, minmay_pentomino_p4
D:2:      minmay_angry_zag, layout_basic, evilmike_ruin_ashenzari, trog_book
D:3:      layout_basic, grunt_temple_overflow_magic_moments, xom_redecorated,
          first_ration, nicolae_qazlal_eye_of_the_storm
D:4:      layout_rooms, minmay_temple_entry_fiery
D:5:      layout_loops_ring, grunt_temple_overflow_holy_war,
          portal_sewer_entry_b
D:6:      layout_loops_ring, grunt_temple_overflow_bloody_war, basic_altar
D:7:      layout_basic, grunt_temple_overflow_open, uniq_crazy_yiuf_cottage
D:8:      layout_loops_corners, uniq_maurice
D:9:      layout_long_grid, gammafunk_temple_overflow_statue, serial_shops,
          shop, grunt_livestock, abandoned_shop, kennysheep_generic_room_4
D:10:     layout_grid_maze, dpeg_oklobed_lair, gammafunk_ghost_necromancy,
          serial_shops, nicolae_shop_waterfront, shop_statue,
          nicolae_shop_crystal, eino_tiny_chamber
D:11:     layout_basic
D:12:     layout_roguey, minmay_orc_entry_guard_dogs, uniq_azrael
D:13:     minmay_the_grid_square_5x5_4x4 [minmay_the_grid_square_5x5_misaligned,
          minmay_the_grid_square_5x5_shuriken,
          minmay_the_grid_square_5x5_three_small,
          minmay_the_grid_square_5x5_minivault,
          minmay_the_grid_square_5x5_inverted_slash,
          minmay_the_grid_square_5x5_prize_snowflake,
          minmay_the_grid_square_5x5_prize_deathbox,
          minmay_the_grid_square_5x5_eight, minmay_the_grid_square_5x5_fat_x,
          minmay_the_grid_square_5x5_prize_junk,
          minmay_the_grid_square_5x5_prize_gold,
          minmay_the_grid_square_5x5_slash, minmay_the_grid_square_5x5_inner_v,
          minmay_the_grid_square_5x5_seven, minmay_the_grid_square_5x5_detours,
          minmay_the_grid_square_5x5_intrusive_squares], layout_cave_pools,
          special_room [special_room_orc], serial_shops,
          nicolae_shop_overgrown_old_shop, hex_medium, uniq_rupert
D:14:     minmay_crescents, layout_rooms, lightli_vaults_fourway_checkpoint,
          chequers_avenue, serial_bayou_lagoon_a
Temple:   nicolae_temple_figure_zero
Lair:1:   layout_small_grid, serial_rivers, chequers_serial_rivers_large_b,
          chequers_serial_rivers_micro_b, chequers_serial_rivers_room_a,
          chequers_serial_rivers_micro_a, beast_lair_carwin_11,
          grunt_megastairs_5, uniq_nergalle
Lair:2:   layout_misc_corridors, gauntlet_entry_generic
Lair:3:   layout_roguey
Lair:4:   layout_small_grid, skrybe_swamp_entry_bodies,
          spider_nest_entry_rubble, portal_ice_cave_entry_ice_beasts,
          kennysheep_rathole, uniq_josephine, uniq_sonja
Lair:5:   layout_regular_city, minmay_slime_entry_eyes, serial_forest,
          infiniplex_forest_clump_large, infiniplex_forest_lined_4_way,
          infiniplex_forest_fountain, infiniplex_forest_lined_2,
          infiniplex_forest_lined_3, infiniplex_forest_lined_1,
          infiniplex_forest_clump_curved, infiniplex_forest_straight_2,
          infiniplex_forest_clump_tiny
Lair:6:   grunt_lair_end_beastmaster, layout_small_grid, grunt_megastairs_2
Orc:1:    nicolae_orc_accident_2, layout_caves, serial_shops, shop,
          nicolae_shop_stone, shop, uniq_urug
Orc:2:    st_orc_rangers, layout_diamond_mine

Skill      XL: |  1  2  3  4  5  6  7  8  9 10 11 12 13 14 15 |
---------------+----------------------------------------------+-----
Dodging        | 2 4 5 7 9 10 11 | 11.9
Fighting       | 2 3 4 5 6 8 9 11 13 14 | 14.1
Transmutations | 3 4 5 6 7 8 9 10 | 10.0
Spellcasting   | 3 5 6 7 8 9 10 | 10.6
Unarmed Combat | 4 5 6 7 9 11 12 13 | 13.5
Invocations    | 1 3 4 6 7 |  7.0
Charms         | 3 5 |  5.9
Summonings     | 2 3 |  3.0
Ice Magic      | 2 5 |  5.2
Earth Magic    | 6 |  6.0

Action                   |  1- 3 |  4- 6 |  7- 9 | 10-12 | 13-15 || total
-------------------------+-------+-------+-------+-------+-------++-------
Melee: Unarmed           |   136 |   242 |   401 |   479 |   781 ||  2039
       Tailslap          |     6 |    10 |    33 |    98 |   208 ||   355
       Headbutt          |     6 |     3 |       |       |       ||     9
       Kick              |     4 |    10 |       |       |       ||    14
       Punch             |       |     1 |     2 |    31 |    87 ||   121
       Staff             |       |       |       |     1 |   148 ||   149
Throw: Dart              |       |     3 |       |       |       ||     3
 Cast: Beastly Appendage |    16 |    19 |       |       |       ||    35
       Sticks to Snakes  |     2 |     3 |    27 |    38 |    51 ||   121
       Spider Form       |       |    12 |    26 |     1 |       ||    39
       Blade Hands       |       |       |    22 |    76 |   117 ||   215
       Ice Form          |       |       |     2 |     1 |     4 ||     7
       Ozocubu's Armour  |       |       |       |       |    99 ||    99
       Statue Form       |       |       |       |       |     4 ||     4
Invok: Bend Time         |       |       |     1 |     4 |     5 ||    10
       Temporal Distorti |       |       |       |       |     1 ||     1
 Abil: End Transformatio |       |     1 |       |     1 |     3 ||     5
  Use: Potion            |       |     4 |       |     1 |    10 ||    15
       Scroll            |       |     1 |     6 |    10 |    18 ||    35
 Stab: Distracted        |       |     1 |     1 |     4 |    12 ||    18
       Sleeping          |       |     1 |     1 |     2 |     2 ||     6
       Petrified         |       |       |       |       |     4 ||     4
  Eat: Chunk             |     2 |    11 |    13 |    11 |     7 ||    44
       Ration            |       |       |     2 |     4 |     4 ||    10
Armor: Skin              |    47 |    50 |    70 |    98 |   320 ||   585
Dodge: Dodged            |    70 |   148 |   286 |   374 |  1468 ||  2346
Block: Other             |       |       |     7 |    26 |     6 ||    39
       Reflection        |       |       |       |     1 |     1 ||     2
